| TOP OF THE 1ST |
|
Santa Ana Cafes batting - Pitching for Cabo San Lucas Worms : RHP Phil Huffman
|
|
Pitching: RHP Phil Huffman
|
|
|
Batting: SHB Steve Scafa
|
0-0: Foul Ball, location: 2F 0-1: Swinging Strike 0-2: Ball 1-2: Ball 2-2: Strikes out looking
|
|
Batting: RHB Mark Wasinger
|
0-0: Called Strike 0-1: Swinging Strike 0-2: Ball 1-2: Ball 2-2: Fly out, F6 (Popup, 6M, EV 74.4 MPH)
|
|
Batting: RHB Glenn Davis
|
0-0: Called Strike 0-1: Ball 1-1: Ball 2-1: Swinging Strike 2-2: Foul Ball, location: 2F 2-2: DOUBLE (Line Drive, 9LM, EV 111.9 MPH)
|
|
Batting: RHB Larry Littleton
|
0-0: Ball 1-0: Foul Ball, location: 2F 1-1: Ground out 6-3 (Groundball, 6, EV 85.6 MPH)
|
| Top of the 1st over - 0 runs, 1 hit, 0 errors, 1 left on base; Santa Ana 0 - Cabo San Lucas 0 |
| BOTTOM OF THE 1ST |
|
Cabo San Lucas Worms batting - Pitching for Santa Ana Cafes : RHP Ron Robinson
|
|
Pitching: RHP Ron Robinson
|
|
|
Batting: SHB Mike Felder
|
0-0: Called Strike 0-1: Bunt missed! 0-2: Foul Ball, location: 2F 0-2: Ball 1-2: Strikes out swinging
|
|
Batting: SHB Larry Reynolds
|
0-0: Swinging Strike 0-1: SINGLE (Line Drive, 6MD, EV 107.5 MPH)
|
|
Batting: LHB Ernie Riles
|
0-0: Ball Larry Reynolds steals 2nd base 1-0: Called Strike 1-1: Ball 2-1: Swinging Strike 2-2: Foul Ball, location: 2F 2-2: Ball 3-2: DOUBLE (Line Drive, 9LM, EV 111.9 MPH) Larry Reynolds scores
|
|
Batting: RHB Paul Zuvella
|
0-0: Ball 1-0: Ground out 4-3 (Groundball, 4, EV 97.5 MPH) Ernie Riles to third
|
|
Batting: SHB Al Newman
|
0-0: Ground out 4-3 (Groundball, 4MD, EV 100.6 MPH)
|
| Bottom of the 1st over - 1 run, 2 hits, 0 errors, 1 left on base; Santa Ana 0 - Cabo San Lucas 1 |
| TOP OF THE 2ND |
|
Santa Ana Cafes batting - Pitching for Cabo San Lucas Worms : RHP Phil Huffman
|
|
Batting: RHB Kevin Buckley
|
0-0: Ball 1-0: Ball 2-0: Ball 3-0: Base on Balls
|
|
Batting: RHB Ken Dowell
|
0-0: Called Strike 0-1: Grounds into double play, 1-4-3 (Groundball, P, EV 60.6 MPH)
|
|
Batting: LHB Andre David
|
0-0: Swinging Strike 0-1: Ball 1-1: Foul Ball, location: 2F 1-2: Foul Ball, location: 2F 1-2: Strikes out swinging
|
| Top of the 2nd over - 0 runs, 0 hits, 0 errors, 0 left on base; Santa Ana 0 - Cabo San Lucas 1 |
| BOTTOM OF THE 2ND |
|
Cabo San Lucas Worms batting - Pitching for Santa Ana Cafes : RHP Ron Robinson
|
|
Batting: LHB Joseph Bruno
|
0-0: Ball 1-0: Foul Ball, location: 2F 1-1: Ball 2-1: Foul Ball, location: 2F 2-2: Ball 3-2: Base on Balls
|
|
Batting: RHB Bill Pecota
|
0-0: Ball 1-0: Ball 2-0: Called Strike 2-1: Swinging Strike 2-2: Foul Ball, location: 2F 2-2: Foul Ball, location: 2F 2-2: Ball Passed Ball! Joseph Bruno to second 3-2: Fly out, F7 (Flyball, 7LM, EV 100.0 MPH)
|
|
Batting: RHB Todd Smith
|
0-0: Called Strike 0-1: Called Strike 0-2: Ball 1-2: Ball 2-2: Foul Ball, location: 2F 2-2: Ball 3-2: SINGLE (Groundball, 34D, EV 94.4 MPH) Joseph Bruno to third Runner from 3rd tries for Home, throw by RF and OUT! 9-2
|
|
Batting: RHB Chino Cadahia
|
0-0: Foul Ball, location: 2F 0-1: Ball 1-1: Swinging Strike 1-2: Foul Ball, location: 2F 1-2: Ball 2-2: Strikes out swinging
|
| Bottom of the 2nd over - 0 runs, 1 hit, 0 errors, 1 left on base; Santa Ana 0 - Cabo San Lucas 1 |
| TOP OF THE 3RD |
|
Santa Ana Cafes batting - Pitching for Cabo San Lucas Worms : RHP Phil Huffman
|
|
Batting: RHB Edwin Rodriguez
|
0-0: Ball 1-0: Called Strike 1-1: DOUBLE (Line Drive, 5D, EV 100.0 MPH)
|
|
Batting: RHB Barry Siebert
|
0-0: Foul Ball, location: 2F 0-1: Foul Ball, location: 2F 0-2: Ball 1-2: Ball 2-2: Ball 3-2: Base on Balls
|
|
Batting: SHB Steve Scafa
|
0-0: Ball 1-0: Foul Ball, location: 2F 1-1: Foul Ball, location: 2F 1-2: Ball 2-2: Ball 3-2: Ground out 4-3 (Groundball, 4MS, EV 65.6 MPH) Edwin Rodriguez to third Barry Siebert to second
|
|
Batting: RHB Mark Wasinger
|
0-0: Ball 1-0: Ground out 3-1 (Groundball, 34S, EV 86.9 MPH) Edwin Rodriguez scores Barry Siebert to third
|
|
Batting: RHB Glenn Davis
|
0-0: Ball 1-0: Ball 2-0: Called Strike 2-1: Ball 3-1: Called Strike 3-2: SINGLE (Line Drive, 78S, EV 103.8 MPH) Barry Siebert scores
|
|
Batting: RHB Larry Littleton
|
0-0: Called Strike 0-1: Ball 1-1: Foul Ball, location: 2F 1-2: Strikes out swinging
|
| Top of the 3rd over - 2 runs, 2 hits, 0 errors, 1 left on base; Santa Ana 2 - Cabo San Lucas 1 |
| BOTTOM OF THE 3RD |
|
Cabo San Lucas Worms batting - Pitching for Santa Ana Cafes : RHP Ron Robinson
|
|
Batting: SHB Mike Felder
|
0-0: Ground out 5-3 (Groundball, 15, EV 85.6 MPH)
|
|
Batting: SHB Larry Reynolds
|
0-0: Called Strike 0-1: Ball 1-1: Ball 2-1: Foul Ball, location: 2F 2-2: Foul Ball, location: 2F 2-2: Ball 3-2: Foul Ball, location: 2F 3-2: DOUBLE (Line Drive, 89M, EV 101.3 MPH)
|
|
Batting: LHB Ernie Riles
|
0-0: Ball 1-0: Called Strike 1-1: Swinging Strike 1-2: Ball 2-2: Strikes out swinging
|
|
Batting: RHB Paul Zuvella
|
0-0: Ball 1-0: Called Strike 1-1: Foul Ball, location: 2F 1-2: Ball 2-2: Strikes out looking
|
| Bottom of the 3rd over - 0 runs, 1 hit, 0 errors, 1 left on base; Santa Ana 2 - Cabo San Lucas 1 |
| TOP OF THE 4TH |
|
Santa Ana Cafes batting - Pitching for Cabo San Lucas Worms : RHP Phil Huffman
|
|
Batting: RHB Kevin Buckley
|
0-0: Called Strike 0-1: Foul Ball, location: 2F 0-2: Ball 1-2: Strikes out looking
|
|
Batting: RHB Ken Dowell
|
0-0: Foul Ball, location: 2F 0-1: Swinging Strike 0-2: Strikes out swinging
|
|
Batting: LHB Andre David
|
0-0: Ball 1-0: Foul Ball, location: 2F 1-1: Ground out 5-3 (Groundball, 56, EV 88.1 MPH)
|
| Top of the 4th over - 0 runs, 0 hits, 0 errors, 0 left on base; Santa Ana 2 - Cabo San Lucas 1 |
| BOTTOM OF THE 4TH |
|
Cabo San Lucas Worms batting - Pitching for Santa Ana Cafes : RHP Ron Robinson
|
|
Batting: SHB Al Newman
|
0-0: Ball 1-0: Ball 2-0: Fly out, F8 (Line Drive, 8LD, EV 87.5 MPH)
|
|
Batting: LHB Joseph Bruno
|
0-0: Called Strike 0-1: Ball 1-1: Ball 2-1: Called Strike 2-2: Ground out 6-3 (Groundball, 6S, EV 88.1 MPH)
|
|
Batting: RHB Bill Pecota
|
0-0: SINGLE (Groundball, 6M, EV 83.1 MPH) (infield hit)
|
|
Batting: RHB Todd Smith
|
0-0: Ball 1-0: Foul Ball, location: 2F 1-1: Ball 2-1: Ball 3-1: Foul Ball, location: 2F 3-2: Strikes out swinging
|
| Bottom of the 4th over - 0 runs, 1 hit, 0 errors, 1 left on base; Santa Ana 2 - Cabo San Lucas 1 |
| TOP OF THE 5TH |
|
Santa Ana Cafes batting - Pitching for Cabo San Lucas Worms : RHP Phil Huffman
|
|
Batting: RHB Edwin Rodriguez
|
0-0: Foul Ball, location: 2F 0-1: Ball 1-1: SINGLE (Line Drive, 8LS, EV 106.9 MPH)
|
|
Batting: RHB Barry Siebert
|
0-0: Ball Edwin Rodriguez steals 2nd base (no throw) 1-0: Ball 2-0: Called Strike 2-1: Foul Ball, location: 2F 2-2: SINGLE (Line Drive, 56D, EV 99.4 MPH) Edwin Rodriguez to third Runner from 3rd tries for Home, SAFE, throw by LF to home
|
|
Batting: SHB Steve Scafa
|
0-0: Foul Ball, location: 2F 0-1: Ball 1-1: Foul Ball, location: 2F 1-2: SINGLE (Groundball, 15S, EV 66.9 MPH) (infield hit) Barry Siebert to second
|
|
Batting: RHB Mark Wasinger
|
0-0: Foul Ball, location: 2F 0-1: Swinging Strike 0-2: Strikes out swinging
|
|
Batting: RHB Glenn Davis
|
0-0: Foul Ball, location: 2F 0-1: 3-RUN HOME RUN (Flyball, 9D, EV 103.8 MPH), Distance : 396 ft
|
|
Pitching: RHP Lee Tunnell
|
|
|
Batting: RHB Larry Littleton
|
0-0: Swinging Strike 0-1: Ball 1-1: Ball 2-1: Ground out 5-3 (Groundball, 56S, EV 83.1 MPH)
|
|
Batting: RHB Kevin Buckley
|
0-0: Ball 1-0: Ground out 3-1 (Groundball, 3D, EV 81.3 MPH)
|
| Top of the 5th over - 4 runs, 4 hits, 0 errors, 0 left on base; Santa Ana 6 - Cabo San Lucas 1 |
| BOTTOM OF THE 5TH |
|
Cabo San Lucas Worms batting - Pitching for Santa Ana Cafes : RHP Ron Robinson
|
|
Batting: RHB Chino Cadahia
|
0-0: Ball 1-0: Called Strike 1-1: Fly out, F8 (Flyball, 8LS, EV 95.6 MPH)
|
|
Batting: SHB Mike Felder
|
0-0: Foul Ball, location: 2F 0-1: Called Strike 0-2: Ball 1-2: Ball 2-2: Ball 3-2: Foul Ball, location: 2F 3-2: Foul Ball, location: 2F 3-2: Foul Ball, location: 2F 3-2: Strikes out swinging
|
|
Batting: SHB Larry Reynolds
|
0-0: Ground out 4-3 (Groundball, 4, EV 77.5 MPH)
|
| Bottom of the 5th over - 0 runs, 0 hits, 0 errors, 0 left on base; Santa Ana 6 - Cabo San Lucas 1 |
| TOP OF THE 6TH |
|
Santa Ana Cafes batting - Pitching for Cabo San Lucas Worms : RHP Lee Tunnell
|
|
Batting: RHB Ken Dowell
|
0-0: Called Strike 0-1: Foul Ball, location: 2F 0-2: Ball 1-2: Ball 2-2: Strikes out swinging
|
|
Batting: LHB Andre David
|
0-0: Called Strike 0-1: Fly out, F6 (Line Drive, 6, EV 61.9 MPH)
|
|
Batting: RHB Edwin Rodriguez
|
0-0: Called Strike 0-1: Ball 1-1: Ball 2-1: Foul Ball, location: 2F 2-2: Strikes out looking
|
| Top of the 6th over - 0 runs, 0 hits, 0 errors, 0 left on base; Santa Ana 6 - Cabo San Lucas 1 |
| BOTTOM OF THE 6TH |
|
Cabo San Lucas Worms batting - Pitching for Santa Ana Cafes : RHP Ron Robinson
|
|
Batting: LHB Ernie Riles
|
0-0: Ball 1-0: Called Strike 1-1: Foul Ball, location: 2F 1-2: Strikes out looking
|
|
Batting: RHB Paul Zuvella
|
0-0: Foul Ball, location: 2F 0-1: Ball 1-1: Swinging Strike 1-2: Ball 2-2: Foul Ball, location: 2F 2-2: SINGLE (Line Drive, 89S, EV 111.9 MPH)
|
|
Batting: SHB Al Newman
|
0-0: Ball 1-0: Foul Ball, location: 2F 1-1: Foul Ball, location: 2F 1-2: Ball 2-2: Fielders Choice at 2nd, 6-4 (Groundball, 6, EV 103.1 MPH)
|
|
Batting: LHB Joseph Bruno
|
0-0: Ball 1-0: Swinging Strike 1-1: Ball 2-1: Fielders Choice at 2nd, 6-4 (Groundball, 6, EV 89.4 MPH)
|
| Bottom of the 6th over - 0 runs, 1 hit, 0 errors, 1 left on base; Santa Ana 6 - Cabo San Lucas 1 |
| TOP OF THE 7TH |
|
Santa Ana Cafes batting - Pitching for Cabo San Lucas Worms : RHP Lee Tunnell
|
|
Batting: RHB Barry Siebert
|
0-0: Fly out, F2 (Popup, 2LF, EV 84.4 MPH)
|
|
Batting: SHB Steve Scafa
|
0-0: Foul Ball, location: 2F 0-1: Foul Ball, location: 2F 0-2: Strikes out swinging
|
|
Batting: RHB Mark Wasinger
|
0-0: SINGLE (Groundball, 3D, EV 101.3 MPH)
|
|
Batting: RHB Glenn Davis
|
0-0: Ground out 4-3 (Groundball, 4D, EV 88.8 MPH)
|
| Top of the 7th over - 0 runs, 1 hit, 0 errors, 1 left on base; Santa Ana 6 - Cabo San Lucas 1 |
| BOTTOM OF THE 7TH |
|
Cabo San Lucas Worms batting - Pitching for Santa Ana Cafes : RHP Ron Robinson
|
|
Batting: RHB Bill Pecota
|
0-0: Fly out, F7 (Flyball, 7, EV 88.1 MPH)
|
|
Batting: RHB Todd Smith
|
0-0: Swinging Strike 0-1: Foul Ball, location: 2F 0-2: Ball 1-2: Strikes out looking
|
|
Batting: RHB Chino Cadahia
|
0-0: Foul Ball, location: 2F 0-1: Fly out, F9 (Flyball, 9, EV 93.1 MPH)
|
| Bottom of the 7th over - 0 runs, 0 hits, 0 errors, 0 left on base; Santa Ana 6 - Cabo San Lucas 1 |
| TOP OF THE 8TH |
|
Santa Ana Cafes batting - Pitching for Cabo San Lucas Worms : RHP Lee Tunnell
|
|
Batting: RHB Larry Littleton
|
0-0: Ball 1-0: Ball 2-0: Foul Ball, location: 2F 2-1: Swinging Strike 2-2: Strikes out swinging
|
|
Batting: RHB Kevin Buckley
|
0-0: Fly out, F8 (Flyball, 8RM, EV 87.5 MPH)
|
|
Batting: RHB Ken Dowell
|
0-0: Ball 1-0: Ball 2-0: Ball 3-0: Base on Balls
|
|
Batting: LHB Andre David
|
Pickoff Throw to First - Out! 1-3
|
| Top of the 8th over - 0 runs, 0 hits, 0 errors, 0 left on base; Santa Ana 6 - Cabo San Lucas 1 |
| BOTTOM OF THE 8TH |
|
Cabo San Lucas Worms batting - Pitching for Santa Ana Cafes : RHP Ron Robinson
|
|
Batting: SHB Mike Felder
|
0-0: Called Strike 0-1: DOUBLE (Line Drive, 8LXD, EV 98.8 MPH)
|
|
Batting: SHB Larry Reynolds
|
0-0: Called Strike 0-1: Called Strike 0-2: Ball 1-2: Foul Ball, location: 2F 1-2: Ball 2-2: Ground out U3 (Groundball, 34, EV 81.3 MPH) Mike Felder to third
|
|
Pitching: RHP Rich Monteleone
|
|
|
Batting: LHB Ernie Riles
|
0-0: Fly out, F8 (Flyball, 89D, EV 81.9 MPH) Runner from 3rd tags up, SCORES, throw by CF
|
|
Batting: RHB Paul Zuvella
|
0-0: Ball 1-0: Foul Ball, location: 2F 1-1: Swinging Strike 1-2: Ball 2-2: Ball 3-2: Ground out 3-1 (Groundball, 34S, EV 87.5 MPH)
|
| Bottom of the 8th over - 1 run, 1 hit, 0 errors, 0 left on base; Santa Ana 6 - Cabo San Lucas 2 |
| TOP OF THE 9TH |
|
Santa Ana Cafes batting - Pitching for Cabo San Lucas Worms : RHP Lee Tunnell
|
|
Batting: LHB Andre David
|
0-0: Ground out U3 (Groundball, 34S, EV 87.5 MPH)
|
|
Batting: RHB Edwin Rodriguez
|
0-0: Called Strike 0-1: Ball 1-1: Swinging Strike 1-2: Reached on error, E6 (Groundball, 6, EV 108.8 MPH)
|
|
Batting: RHB Barry Siebert
|
0-0: Called Strike 0-1: Ball 1-1: Ball 2-1: Fly out, F9 (Line Drive, 9, EV 101.3 MPH)
|
|
Batting: SHB Steve Scafa
|
0-0: Intentional Walk
|
|
Batting: RHB Mark Wasinger
|
0-0: Swinging Strike 0-1: Foul Ball, location: 2F 0-2: Foul Ball, location: 2F 0-2: Strikes out swinging
|
| Top of the 9th over - 0 runs, 0 hits, 1 error, 2 left on base; Santa Ana 6 - Cabo San Lucas 2 |
| BOTTOM OF THE 9TH |
|
Cabo San Lucas Worms batting - Pitching for Santa Ana Cafes : RHP Rich Monteleone
|
|
Batting: SHB Al Newman
|
0-0: Ball 1-0: Foul Ball, location: 2F 1-1: Foul Ball, location: 2F 1-2: Strikes out swinging
|
|
Batting: LHB Joseph Bruno
|
0-0: Foul Ball, location: 2F 0-1: Ball 1-1: Ball 2-1: Fly out, F8 (Flyball, 8RM, EV 82.5 MPH)
|
|
Batting: RHB Bill Pecota
|
0-0: Ball 1-0: Ball 2-0: Ball 3-0: Called Strike 3-1: Swinging Strike 3-2: Foul Ball, location: 2F 3-2: Foul Ball, location: 2F 3-2: Ground out 6-3 (Groundball, 6M, EV 80.6 MPH)
|
| Bottom of the 9th over - 0 runs, 0 hits, 0 errors, 0 left on base; Santa Ana 6 - Cabo San Lucas 2 |
|